 Dungeon Crawl Stone Soup version 0.29-a0-923-g6e406bff71 (webtiles) character file.

Game seed: 3684567598091197324

340 pokeman the Magician (level 6, -3/34 HPs)
             Began as a Deep Elf Hedge Wizard on July 27, 2022.
             Slain by a necrophage (6 damage)
             ... on level 4 of the Dungeon.
             The game lasted 00:08:56 (3902 turns).

pokeman the Magician (Deep Elf Hedge Wizard)        Turns: 3902, Time: 00:08:57

Health: -3/34      AC:  4    Str:  7    XL:     6   Next: 30%
Magic:  4/18       EV: 12    Int: 21    God:
Gold:   187        SH:  0    Dex: 14    Spells: 8/19 levels left

rFire   + . .      SeeInvis .   l - +2 short sword (holy)
rCold   . . .      Faith    .   (no shield)
rNeg    . . .      Spirit   .   m - +0 leather armour
rPois   .          Reflect  .   c - +0 hat
rElec   .          Harm     .   s - +0 cloak
rCorr   .          Rampage  .   (no gloves)
Will    .....                   (no boots)
Stlth   ++........              (no amulet)
HPRegen 0.11/turn               e - ring of protection from fire
MPRegen 0.16/turn               (no ring)

@: no status effects
A: no striking features
a: no special abilities


You were on level 4 of the Dungeon.
You visited 1 branch of the dungeon, and saw 4 of its levels.

You collected 187 gold pieces.

Inventory:

Hand Weapons
 l - a +2 short sword of holy wrath (weapon)
 r - a +2 quarterstaff of chaos
 t - a +0 sling
Armour
 c - a +0 hat (worn)
 m - a +0 leather armour (worn)
 s - a +0 cloak (worn)
Jewellery
 e - a ring of protection from fire (left hand)
 o - an amulet of guardian spirit
Scrolls
 b - a scroll of poison {unknown}
 f - a scroll of amnesia {unknown}
 g - a scroll of identify {unknown}
 h - a scroll of enchant weapon {unknown}
 i - 3 scrolls of teleportation {unknown}
 n - a scroll of enchant armour {unknown}
 p - a scroll of noise {unknown}
 q - a scroll of brand weapon {unknown}
Potions
 a - a potion of haste {unknown}
 d - a potion of magic
 j - 3 potions of heal wounds
 k - 4 potions of mutation {unknown}
 u - a potion of flight {unknown}
 v - a potion of cancellation {unknown}
 w - 2 potions of degeneration {unknown}
 x - a potion of might {unknown}


   Skills:
 - Level 1.0 Fighting
 - Level 1.1 Armour
 - Level 3.0 Dodging
 - Level 3.0 Stealth
 * Level 7.0 Spellcasting
 + Level 3.1 Conjurations
 - Level 1.1 Summonings
 - Level 1.1 Translocations
 + Level 1.5 Fire Magic
 + Level 0.5 Air Magic
 - Level 1.3 Poison Magic


You had 8 spell levels left.
You knew the following spells:

 Your Spells              Type           Power      Damage    Failure   Level
a - Magic Dart            Conj           80%        1d7       3%          1
b - Mephitic Cloud        Conj/Pois/Air  14%        N/A       19%         3
c - Call Imp              Summ           12%        N/A       12%         2
d - Blink                 Tloc           24%        N/A       12%         2
e - Conjure Flame         Conj/Fire      17%        6-21      14%         3

Your spell library contained the following spells:

 Spells                   Type           Power      Damage    Failure   Level
 Summon Small Mammal      Summ           48%        N/A       9%          1
 Slow                     Hex            28%        N/A       13%         1
 Call Canine Familiar     Summ           12%        N/A       24%         3
 Summon Guardian Golem    Hex/Summ       9%         N/A       30%         3


Dungeon Overview and Level Annotations

Branches:
Dungeon (4/15)
 Temple: D:4-7

Altars:
Okawaru

Shops:
D:2 (

Annotations:
D:4 1 transporter


Message History

Press: ? - help, Shift-Dir - straight line, f - dart slug
Aim: a dart slug (ally target, 100% to hit)
The magic dart hits the dart slug.
The dart slug is heavily wounded.
The dart slug launches a dart at you. The slug dart hits you.
* * * LOW HITPOINT WARNING * * *
Your crimson imp hits the dart slug.
You aren't carrying any items that you can evoke.
There's nothing to close nearby.
Casting: Magic Dart (safe; 3% risk of failure)
Confirm with . or Enter, or press ? or * to list all spells.
Aiming: Magic Dart (safe; 3% risk of failure)
Press: ? - help, Shift-Dir - straight line, f/p - dart slug
Aim: a dart slug (heavily wounded, ally target, 100% to hit)
The magic dart hits the dart slug.
The dart slug is almost dead.
Your crimson imp hits the dart slug.
The dart slug dies!
The hound is engulfed in noxious fumes.
The hound appears confused.
You hit the hound.
The hound is moderately wounded.
Your crimson imp barely misses the necrophage.
Unknown command.
You catch the helpless hound completely off-guard!
You hit the hound.
The hound is heavily wounded.
The hound is engulfed in blazing flames.
The hound bites you but does no damage.
Your crimson imp hits the necrophage but does no damage.
The hound is engulfed in blazing flames.
You kill the hound!
Your Spellcasting skill increases to level 7!
Unknown command.
Unknown command.
The necrophage closely misses something.
Your magical contamination has completely faded away.
The necrophage attacks as you move away!
The necrophage hits you.
You die...

........#.
......... .
###....... ..
#........## ..#
#........#..##
#...........#
#.....##...##
#...........
##.@#......##
#..n#5#.?....
##.....#......
##...........##
####.........##..#
##...........###..#
#................ .
#.............#.[#
#............##.. .


You could see a necrophage.

Vanquished Creatures
  A hound (D:4)
  Crazy Yiuf (D:2)
  An orc wizard (D:3)
  4 gnolls
  2 adders (D:3)
  3 worms
  4 orcs (D:3)
  10 bats
  An endoplasm (D:1)
  2 giant cockroaches (D:2)
  5 goblins
  4 hobgoblins
  2 jackals (D:3)
  3 kobolds
  6 ball pythons
  5 frilled lizards
  3 rats
57 creatures vanquished.

Vanquished Creatures (collateral kills)
  The ghost of zeratav the Sneak, an amateur OpVM (D:3)
  A human skeleton (D:4)
  A dart slug (D:4)
3 creatures vanquished.

Grand Total: 60 creatures vanquished

Notes
Turn   | Place    | Note
-------+----------+-------------------------------------------
     0 | D:1      | pokeman the Deep Elf Hedge Wizard began the quest for the
                  | Orb.
     0 | D:1      | Reached XP level 1. HP: 10/10 MP: 7/7
   317 | D:1      | Reached XP level 2. HP: 15/15 MP: 2/9
   411 | D:1      | Found a faded altar of an unknown god.
   411 | D:1      | Noticed a chaos spawn
   959 | D:1      | Reached skill level 5 in Spellcasting
  1320 | D:2      | Reached XP level 3. HP: 20/20 MP: 7/11
  1324 | D:2      | Learned a level 3 spell: Mephitic Cloud
  1327 | D:2      | Learned a level 2 spell: Call Imp
  1330 | D:2      | Learned a level 2 spell: Blink
  1334 | D:2      | Learned a level 3 spell: Conjure Flame
  1472 | D:2      | Found Uskud's Weapon Emporium.
  1476 | D:2      | Reached skill level 1 in Armour
  1506 | D:2      | Reached skill level 1 in Fighting
  2127 | D:2      | Found a runed translucent door.
  2128 | D:2      | Noticed Crazy Yiuf
  2145 | D:2      | Killed Crazy Yiuf
  2146 | D:2      | Reached XP level 4. HP: 25/25 MP: 4/13
  2527 | D:3      | Reached skill level 6 in Spellcasting
  2531 | D:3      | Reached XP level 5. HP: 4/29 MP: 8/15
  2990 | D:3      | Found a runed translucent door.
  2990 | D:3      | Noticed zeratav's ghost (amateur OpVM)
  3142 | D:3      | Found an iron altar of Okawaru.
  3507 | D:3      | Killed zeratav's ghost
  3508 | D:3      | Reached skill level 1 in Fire Magic
  3508 | D:3      | Reached skill level 1 in Poison Magic
  3508 | D:3      | Reached XP level 6. HP: 2/34 MP: 12/17
  3823 | D:4      | Found a transporter.
  3899 | D:4      | Reached skill level 7 in Spellcasting
  3902 | D:4      | Slain by a necrophage

Illustrated notes

Levels and vault maps discovered:
D:1:      dpeg_cavernosity, layout_rooms, serial_forest,
          infiniplex_forest_clump_diagonal, infiniplex_forest_lined_room_3,
          infiniplex_forest_zigzag_1, infiniplex_forest_lined_3_way,
          infiniplex_forest_straight_1, infiniplex_forest_clump_small,
          infiniplex_forest_clump_long, infiniplex_forest_end_1,
          infiniplex_forest_lined_ring, infiniplex_forest_lined_corner,
          dreamdust_ecumenical_altar_sealed_demon
D:2:      layout_rooms, serial_shops, nicolae_shop_bloodbath_and_beyond,
          grunt_decor_clamped, uniq_crazy_yiuf_cottage
D:3:      layout_loops_ring, okawaru_trees_2, hellmonk_ghost_happy_afterlife
D:4:      gammafunk_wand_slinger, layout_cave_pools,
          nicolae_ossuary_entry_catacombs, kennysheep_generic_room_12

Skill      XL: |  1  2  3  4  5  6 |
---------------+-------------------+-----
Spellcasting   | 5 6 7 |  7.0
Armour         | 1 |  1.1
Fighting       | 1 |  1.0
Conjurations   | 2 3 |  3.1
Stealth        | 3 |  3.0
Dodging        | 3 |  3.0
Fire Magic     | 1 |  1.5
Poison Magic   | 1 |  1.3
Summonings     | |  1.1
Translocations | |  1.1
Air Magic      | |  0.5

Action                   |  1- 3 |  4- 6 || total
-------------------------+-------+-------++-------
Melee: Short sword       |    17 |    32 ||    49
       Punch             |       |     1 ||     1
 Cast: Magic Dart        |    86 |    53 ||   139
       Mephitic Cloud    |     4 |     3 ||     7
       Call Imp          |     1 |     3 ||     4
       Conjure Flame     |     1 |     1 ||     2
       Blink             |       |     3 ||     3
 Stab: Confused          |       |     3 ||     3
Armor: Robe              |     4 |       ||     4
       Leather armour    |       |    10 ||    10
Dodge: Dodged            |    22 |    30 ||    52

Table legend: (Time is in decaauts)
 A = Elapsed time spent in this place.
 B = Non-inter-level travel time spent in this place.
 C = Inter-level travel time spent in this place.
 D = Time resting spent in this place.
 E = Time spent auto-exploring this place.
 F = Levels seen in this place.
 G = Mean time per level.
                   A        B        C        D        E       F      G
               +--------+--------+--------+--------+--------+-----+--------+
         Total |   3906 |   3834 |     72 |    138 |   3186 |   4 |  976.5 |
       Dungeon |   3906 |   3834 |     72 |    138 |   3186 |   4 |  976.5 |
               +--------+--------+--------+--------+--------+-----+--------+

Top non-repeatable levels by time:
     D:3: 1576 daAuts
     D:1: 1284 daAuts
     D:2: 978 daAuts
     D:4: 66 daAuts
